 Dungeon Crawl Stone Soup version 0.19-a0-1498-g0b85ae9 (webtiles) character file.

66 Leszczynek the Cudgeler (level 4, 0/61 HPs)
             Began as an Ogre Necromancer on Sept 10, 2016.
             Succumbed to an adder's poison
             ... on level 3 of the Dungeon.
             The game lasted 00:06:59 (1396 turns).

Leszczynek the Cudgeler (Ogre Necromancer)          Turns: 1396, Time: 00:07:00

Health: 0/61       AC: 22    Str: 14    XL:     4   Next: 15%
Magic:  3/7        EV:  1    Int: 19    God:
Gold:   81         SH:  0    Dex: 15    Spells: 3 memorised, 2 levels left

rFire  . . .     SeeInvis .     i - +0 short sword
rCold  . . .     Gourm    .     (armour currently unavailable)
rNeg   + + +     Faith    .     (no shield)
rPois  +         Spirit   .     (helmet currently unavailable)
rElec  .         Dismiss  .     (cloak currently unavailable)
rCorr  .         Reflect  .     (gloves unavailable)
MR     .....     Harm     .     (boots unavailable)
Stlth  +++....... NoTele   +    m - amulet of inaccuracy (curse)
                                (no ring)
                                (no ring)

@: brilliant, agile, lethally poisoned (0 -> -2), tree-form
A: unfitting armour, (tough skin 0)
a: no special abilities


You were on level 3 of the Dungeon.
You were hungry.
You were a tree.
You visited 1 branch of the dungeon, and saw 3 of its levels.

You collected 81 gold pieces.

Inventory:

Hand Weapons
 c - a +0 club
 i - a +0 short sword (weapon)
Armour
 a - a +1 robe (melded)
Jewellery
 m - a cursed amulet of inaccuracy (around neck)
Scrolls
 g - a scroll of teleportation
Books
 b - a book of Necromancy

   Spells                             Type                      Level
   a - Pain                           Necromancy                   1
   b - Animate Skeleton               Necromancy                   1
   c - Vampiric Draining              Necromancy                   3
   d - Regeneration                   Charms/Necromancy            3
   e - Animate Dead                   Necromancy                   4
   f - Control Undead                 Necromancy                   4
Comestibles
 d - 3 bread rations


   Skills:
 - Level 1.0 Fighting
 + Level 4.6 Maces & Flails
 - Level 1.7 Dodging
 - Level 1.5 Stealth
 - Level 2.4 Spellcasting
 - Level 2.9 Necromancy


You had 2 spell levels left.
You knew the following spells:

 Your Spells              Type           Power        Failure   Level  Hunger
a - Pain                  Necr           ####         1%          1    #......
b - Animate Skeleton      Necr           N/A          1%          1    #......
q - Regeneration          Chrm/Necr      ###.......   3%          3    ###....


Dungeon Overview and Level Annotations

Branches:
Dungeon (3/15)

Altars:
Gozag
Yredelemnul
Zin


Innate Abilities, Weirdness & Mutations

You are too large for most types of armour.
((You have tough skin. (AC +1)))


Message History

You kill the giant cockroach!
* * * LOW HITPOINT WARNING * * *
You feel sick.
You cannot move.
You cannot move.
You cannot move.
You cannot move.
There is a lethal amount of poison in your body!
* * * LOW HITPOINT WARNING * * *
You feel sick.
* * * LOW HITPOINT WARNING * * *
You feel sick.
* * * LOW HITPOINT WARNING * * *
You feel sick.
* * * LOW HITPOINT WARNING * * *
You feel sick.
* * * LOW HITPOINT WARNING * * *
You feel sick.
Your magical contamination has completely faded away.
You die...

*,*#.#**,# ***+***
#,*#.# *.# **,,,**
#.##.###.# **,,,,,*
#....<...# **,,,,,,,
####.#...####........
#........+........
#.#...####........
#†##.## **.....(.
#♣#*## **.....* #.#
**...** #.# *#'#* #.#
#.# #.########## #w#
##.##.>.....###.###
#.......#*#.##.....
##.##.#.###.#......
####.#............


There were no monsters in sight!

Vanquished Creatures
  2 adders
  An ooze (D:1)
  2 dart slugs
  2 giant geckos
  3 giant cockroaches
  6 goblins
  A hobgoblin (D:1)
  3 jackals
  4 kobolds
  7 bats
  A giant newt (D:1)
  5 rats
37 creatures vanquished.

Notes
Turn   | Place    | Note
-------+----------+-------------------------------------------
     0 | D:1      | Leszczynek the Ogre Necromancer began the quest for the Orb.
     0 | D:1      | Reached XP level 1. HP: 16/16 MP: 3/3
     2 | D:1      | Learned a level 1 spell: Animate Skeleton
    22 | D:1      | Reached skill level 1 in Fighting
   101 | D:1      | Reached skill level 1 in Maces & Flails
   101 | D:1      | Reached XP level 2. HP: 19/27 MP: 0/5
   142 | D:1      | Reached skill level 2 in Maces & Flails
   417 | D:1      | Reached skill level 3 in Maces & Flails
   467 | D:1      | Reached XP level 3. HP: 30/33 MP: 2/6
   798 | D:2      | Reached skill level 4 in Maces & Flails
   851 | D:2      | Found an opulent altar of Gozag.
  1024 | D:3      | Learned a level 3 spell: Regeneration
  1084 | D:3      | Found a glowing silver altar of Zin.
  1084 | D:3      | Found a basalt altar of Yredelemnul.
  1379 | D:3      | Reached XP level 4. HP: 11/41 MP: 1/7
  1384 | D:3      | HP: 6/61 [poisoned by an adder]
  1389 | D:3      | HP: 3/61 [poisoned by an adder]
  1394 | D:3      | HP: 1/61 [poisoned by an adder]
  1396 | D:3      | Succumbed to an adder's poison

Vault maps used:
D:1:      matt_arrival_grand_opening
D:2:      nicolae_gozag_seed_capital, first_bread
D:3:      gammafunk_temple_overflow_elements

Skill      XL: |  1  2  3 |
---------------+----------+-----
Fighting       | 1 |  1.0
Maces & Flails | 1 3 4 |  4.6
Dodging        | |  1.7
Stealth        | |  1.5
Spellcasting   | |  2.4
Necromancy     | |  2.9

Action                   |  1- 3 |  4- 6 || total
-------------------------+-------+-------++-------
Melee: Club              |    17 |       ||    17
       Short sword       |    27 |     5 ||    32
 Cast: Pain              |    56 |     1 ||    57
       Animate Skeleton  |     3 |       ||     3
  Use: Scroll            |     4 |       ||     4
       Potion            |       |     3 ||     3
 Stab: Sleeping          |     1 |       ||     1
  Eat: Chunk             |     2 |       ||     2
Armor: Robe              |    23 |     1 ||    24
       Skin              |       |     6 ||     6
Dodge: Dodged            |    56 |     2 ||    58
